 Dungeon Sprint DCSS version 0.23.0 (webtiles) character file.

Game seed: 8762709300879323686

66172 nuthulu the Naga Aeon (level 15, -2/157 HPs)
             Began as a Naga Fighter on Feb 18, 2019.
             Was the Champion of Cheibriados.
             Killed by divine providence
             ... invoked by a greater mummy
              (17 damage)
             ... in the Dungeon (Sprint V: "Ziggurat Sprint").
             The game lasted 00:07:55 (1746 turns).

nuthulu the Naga Aeon (Naga Fighter)                Turns: 1746, Time: 00:07:57

Health: -2/157     AC: 38    Str: 40    XL:     15   Next: 18%
Magic:  27/34      EV: 11    Int: 20    God:    Cheibriados [******]
Gold:   0          SH: 34    Dex: 34    Spells: 44/44 levels left

rFire    + . .     SeeInvis +   G - +14 obsidian axe {chop, +Fly SInv *Curse} (curse)
rCold    + . .     Gourm    .   F - +18 shield of the Gong {rElec rN+ MR+ EV-5}
rNeg     + . .     Faith    .   o - +15 Maxwell's patent armour {-Cast -Tele rElec MR+ rCorr}
rPois    +         Spirit   .   c - +2 helmet of Edghin Gasor {Dex+3 Stlth+}
rElec    +         Reflect  .   I - +2 cloak of the Shrike {rElec rCorr Int-4 Dex-5}
rCorr    +         Harm     .   (no gloves)
MR       +++..     NoTele   +   (no barding) Stlth +++++.....NoCast +
                                (no amulet)
HPRegen  0.00/turn              D - +6 ring of strength
MPRegen  0.24/turn              H - ring "Bohiv" {*Contam +Fly rF+ rC+ Dex+7}

@: mesmerised, non-regenerating, diseased, hasted and slowed, studying 2 skills,
very slow
A: large, see invisible, clumsy 1, deformed body, poison resistance, slowness 2,
slow metabolism 1, spit poison 1, constrict 1, AC +5
a: Spit Poison, Bend Time, Temporal Distortion, Slouch, Step From Time, Renounce
Religion, Evoke Flight


You were in the Dungeon.
You worshipped Cheibriados.
Cheibriados was exalted by your worship.
You were not hungry.

You visited 1 branch

Inventory:

Hand Weapons
 G - the cursed +14 obsidian axe (weapon) {chop, +Fly SInv *Curse}
   (You found it in the Dungeon)

   It inflicts extra damage upon your enemies.
   It lets you see invisible.
   It lets you fly.
   It curses itself when equipped.
   It has a curse placed upon it.
 J - the +10 zealot's sword {holy, *Rage rN+ EV+3}
   (You found it in the Dungeon)

   It has been blessed by the Shining One to cause great damage to the undead
   and demons.
   It affects your evasion (+3).
   It protects you from negative energy.
   It may make you go berserk in combat.
Armour
 c - the +2 helmet of Edghin Gasor (worn) {Dex+3 Stlth+}
   (You found it in the Dungeon)

   It affects your dexterity (+3).
   It makes you more stealthy.
 o - the +15 Maxwell's patent armour (worn) {-Cast -Tele rElec MR+ rCorr}
   (You found it in the Dungeon)

   It insulates you from electricity.
   It affects your resistance to hostile enchantments.
   It prevents spellcasting.
   It prevents most forms of teleportation.
   It provides partial protection from all sources of acid and corrosion.
 F - the +18 shield of the Gong (worn) {rElec rN+ MR+ EV-5}
   (You found it in the Dungeon)

   It affects your evasion (-5).
   It insulates you from electricity.
   It protects you from negative energy.
   It affects your resistance to hostile enchantments.
 I - the +2 cloak of the Shrike (worn) {rElec rCorr Int-4 Dex-5}
   (You found it in the Dungeon)

   It affects your intelligence (-4).
   It affects your dexterity (-5).
   It insulates you from electricity.
   It provides partial protection from all sources of acid and corrosion.
Jewellery
 a - the ring of Hydurghoas {rCorr Int+5}
   (You found it in the Dungeon)

   [ring of resist corrosion]

   It affects your intelligence (+5).
 z - a +6 ring of dexterity
 A - a +6 ring of dexterity
 B - a +6 ring of intelligence
 C - a +6 ring of intelligence
 D - a +6 ring of strength (left hand)
 E - a +6 ring of strength
 H - the ring "Bohiv" (right hand) {*Contam +Fly rF+ rC+ Dex+7}
   (You found it in the Dungeon)

   [ring of flight]

   It affects your dexterity (+7).
   It protects you from fire.
   It protects you from cold.
   It lets you fly.
   It causes magical contamination when unequipped.
Wands
 w - a wand of disintegration (7)
 x - a wand of iceblast (7)
 y - a wand of acid (7)
Scrolls
 k - 4 scrolls of blinking
 q - 4 scrolls of amnesia
 r - 7 scrolls of fog
 s - a scroll of holy word
 t - 5 scrolls of identify
 u - 5 scrolls of remove curse
 v - 2 scrolls of fear
Potions
 d - 8 potions of might
 e - 9 potions of curing
 g - 16 potions of heal wounds
 h - 5 potions of haste
 i - 6 potions of magic
 j - 3 potions of berserk rage
 l - 2 potions of brilliance
 m - 2 potions of invisibility
 n - 4 potions of resistance
 p - 5 potions of agility
Books
 b - a manual of Shields
 K - a manual of Fighting
Comestibles
 f - 5 rations


   Skills:
 + Level 16.2 Fighting
 + Level 15.5 Axes
 + Level 13.5 Armour
 - Level 8.9 Dodging
 - Level 20.5 Stealth
 - Level 10.4 Shields
 - Level 15.4 Spellcasting
 * Level 22.1 Invocations


You had 44 spell levels left.
You didn't know any spells.
Your spell library was empty.

Dungeon Overview and Level Annotations

Branches:
Dungeon (1/1)

Altars:
Ashenzari
Cheibriados
Dithmenos
Elyvilon
Fedhas
Gozag
Hepliaklqana
Kikubaaqudgha
Makhleb
Nemelex Xobeh
Okawaru
Qazlal
Ru
Sif Muna
Trog
Uskayaw
Vehumet
Wu Jian
Xom
Yredelemnul
Zin
The Shining One
Beogh
Jiyva
Lugonu


Innate Abilities, Weirdness & Mutations

You cannot wear boots.
Your serpentine skin is tough. (AC +5)
You have supernaturally acute eyesight. (SInv)
Armour fits poorly on your strangely shaped body.
Your system is resistant to poisons. (rPois)
You cover ground very slowly.
You have a slow metabolism.
You can spit poison.
You can use your snake-like lower body to constrict enemies.
You are clumsy. (Dex -2)


Message History

You closely miss the death scarab.
Visions of slaying the death scarab flood into your mind.
Your sixfirhy closely misses the reaper.
You block the death scarab's attack.
BOUMMMMG!
You block the death scarab's attack.
GONNNNG!
The death scarab closely misses you.
Your sixfirhy hits the reaper.
Your sixfirhy shocks the reaper!
You block the flying skull's attack.
GONNNNG!
Your sixfirhy hits the reaper.
Your sixfirhy shocks the reaper!
The reaper misses your sixfirhy.
The death scarab misses your smoke demon.
The mummy priest calls on the powers of darkness!
Your body is wracked with pain!
* * * LOW HITPOINT WARNING * * *
The mummy hits your smoke demon. The flying skull closely misses you.
The greater mummy casts a spell at you. Something smites you!
You die...

▓........
..=|"[)}.}}.=..▓........
......)))......▓.....)..
........=......▓........
.......M..)....▓......).
....M..MM.M....▓..▓.....
.......s3......▓.▓▓▓....
....s..§z3.....▓..▓.....
.....s§@.§.....▓........
.......§.§.....▓......©.
...▓..23...▓...▓▓▓▓▓▓▓▓▓
...............▓.....8©8
...............▓.)[[)|[[
.......©.......▓..):))}}
▓▓▓▓▓▓▓▓▓▓▓▓▓▓▓▓.......)
▓........ ▓........


You could see a greater mummy, a reaper, 2 mummy priests, 3 death scarabs, a
flying skull, 2 mummies, a friendly sixfirhy, a friendly smoke demon and a
friendly neqoxec.

Vanquished Creatures
  A greater mummy (D)
  2 acid blobs (D)
  4 deep elf master archers (D)
  4 deep elf blademasters (D)
  3 deep elf sorcerers (D)
  A reaper (D)
  5 deep elf annihilators (D)
  A blizzard demon (D)
  4 death oozes (D)
  A deep elf high priest (D)
  4 mummy priests (D)
  A great orb of eyes (D)
  7 dancing weapons (D)
  3 deep elf knights (D)
  2 wretched stars (D)
  3 skeletal warriors (D)
  2 glowing orange brains (D)
  3 deep elf magi (D)
  3 shining eyes (D)
  2 rust devils (D)
  2 black mambas (D)
  2 eyes of devastation (D)
  4 tormentors (D)
  4 freezing wraiths (D)
  5 guardian mummies (D)
  3 ice devils (D)
  A red devil (D)
  An ancient zyme (D)
  14 slime creatures (D)
  2 air elementals (D)
  5 flying skulls (D)
  5 shadows (D)
  A water elemental (D)
  A spriggan (D)
  6 ushabtiu (D)
  A fire elemental (D)
  4 golden eyes (D)
  2 insubstantial wisps (D)
  A naga (D)
  A floating eye (D)
  3 phantoms (D)
  2 wolves (D)
  An earth elemental (D)
  A wight (D)
  2 crimson imps (D)
  4 jellies (D)
  4 quasits (D)
  9 iron imps (D)
  9 mummies (D)
  4 adders (D)
  A shadow imp (D)
  4 white imps (D)
  2 ufetubi (D)
  4 oozes (D)
  3 adder skeletons (D)
  4 adder zombies (D)
  4 ball pythons (D)
  3 bat skeletons (D)
  3 bat zombies (D)
  A ball python skeleton (D)
  A giant cockroach zombie (D)
  2 jackal skeletons (D)
  A jackal zombie (D)
  2 leopard gecko skeletons (D)
  A leopard gecko zombie (D)
  A lurking horror (D)
197 creatures vanquished.

Vanquished Creatures (collateral kills)
  A black mamba (D)
  A large abomination (D)
  A spriggan (D)
  An insubstantial wisp (D)
  A naga (D)
  A water moccasin (D)
  A quasit (D)
  2 shadow imps (D)
  An adder zombie (D)
  A ball python (D)
11 creatures vanquished.

Grand Total: 208 creatures vanquished

Notes
Turn   | Place    | Note
-------+----------+-------------------------------------------
     0 | D        | Found the +6 Majin-Bo {vamp, Archmagi MP+6 Int+6}
     0 | D        | Found the +7 great mace "Firestarter" {inner flame, rF++}
     0 | D        | nuthulu the Naga Fighter began the quest for the Orb.
     0 | D        | Reached XP level 1. HP: 21/21 MP: 1/1
     0 | D        | Found a deep blue altar of Sif Muna.
     0 | D        | Found a sacrificial altar of Ru.
     0 | D        | Found a bloodstained altar of Trog.
     0 | D        | Found a stormy altar of Qazlal.
     0 | D        | Found an iron altar of Okawaru.
     0 | D        | Found a sparkling altar of Nemelex Xobeh.
     0 | D        | Found a blossoming altar of Fedhas.
     2 | D        | Found a transporter.
     2 | D        | Found an ancient bone altar of Kikubaaqudgha.
     2 | D        | Found a viscous altar of Jiyva.
     2 | D        | Found a corrupted altar of Lugonu.
     2 | D        | Found a hazy altar of Hepliaklqana.
     2 | D        | Found a burning altar of Makhleb.
     2 | D        | Found an opulent altar of Gozag.
    20 | D        | Reached XP level 2. HP: 28/28 MP: 2/2
    25 | D        | Found the +6 shillelagh "Devastator" {shatter}
    25 | D        | Found the +11 plutonium sword {*Contam Stlth-}
    25 | D        | Found the +8 lance "Wyrmbane" {slay drac, rPois rF+ rC+
                  | AC+3}
    25 | D        | Found the +9 sword of Zonguldrok {reap}
    25 | D        | Found the cursed +13 scythe of Curses {drain, *Curse}
    25 | D        | Found the +0 sword of Power
    25 | D        | Found the +7 mace of Variability {chain chaos}
    25 | D        | Found the +7 Singing Sword {slice, sonic wave}
    25 | D        | Found the +7 longbow "Piercer" {penet, EV-2}
    28 | D        | Found the +9 heavy crossbow "Sniper" {velocity, Acc+∞ SInv}
    28 | D        | Found the +10 dark maul {crush}
    28 | D        | Found the +15 Maxwell's patent armour {-Cast -Tele rElec
                  | MR+ rCorr}
    28 | D        | Found the +18 shield of the Gong {rElec rN+ MR+ EV-5}
    28 | D        | Found the cursed +14 obsidian axe {chop, +Fly SInv *Curse}
    69 | D        | Became a worshipper of Cheibriados the Contemplative
    82 | D        | Entered arena 2.
    82 | D        | Noticed a phantom
    82 | D        | Noticed a phantom
    82 | D        | Found a transporter.
    88 | D        | Killed a phantom
    88 | D        | Reached skill level 3 in Invocations
    88 | D        | Reached XP level 3. HP: 36/36 MP: 2/7
    88 | D        | Reached XP level 4. HP: 44/44 MP: 2/8
    89 | D        | Killed a phantom
    89 | D        | Reached * piety under Cheibriados
    89 | D        | Reached skill level 4 in Invocations
    89 | D        | Reached XP level 5. HP: 51/51 MP: 2/11
   217 | D        | Entered arena 3.
   217 | D        | Noticed an insubstantial wisp
   217 | D        | Noticed an insubstantial wisp
   217 | D        | Noticed an insubstantial wisp
   217 | D        | Found a transporter.
   220 | D        | Killed an insubstantial wisp
   220 | D        | Reached skill level 5 in Invocations
   220 | D        | Reached XP level 6. HP: 60/60 MP: 11/13
   224 | D        | Killed an insubstantial wisp
   224 | D        | Reached ** piety under Cheibriados
   224 | D        | Reached skill level 5 in Fighting
   224 | D        | Reached skill level 5 in Spellcasting
   224 | D        | Reached skill level 6 in Invocations
   226 | D        | Killed an insubstantial wisp
   226 | D        | Reached XP level 7. HP: 65/67 MP: 12/15
   230 | D        | Entered arena 4.
   230 | D        | Noticed a spriggan
   230 | D        | Noticed a spriggan
   230 | D        | Found a transporter.
   233 | D        | Noticed a ynoxinul
   235 | D        | Reached skill level 7 in Invocations
   235 | D        | Killed a spriggan
   235 | D        | Reached *** piety under Cheibriados
   235 | D        | Reached skill level 5 in Axes
   238 | D        | Killed a spriggan
   238 | D        | Reached skill level 5 in Armour
   238 | D        | Reached skill level 8 in Invocations
   238 | D        | Reached XP level 8. HP: 63/76 MP: 15/18
   242 | D        | Got the ring of Hydurghoas {rCorr Int+5}
   244 | D        | Entered arena 5.
   244 | D        | Found a transporter.
   246 | D        | Reached **** piety under Cheibriados
   247 | D        | Reached ***** piety under Cheibriados
   280 | D        | Entered arena 6.
   280 | D        | Found a transporter.
   283 | D        | Reached ****** piety under Cheibriados
   289 | D        | Entered arena 7.
   289 | D        | Noticed a black mamba
   289 | D        | Noticed a black mamba
   289 | D        | Noticed a black mamba
   290 | D        | Found a transporter.
   291 | D        | Killed a black mamba
   294 | D        | Reached skill level 9 in Invocations
   294 | D        | Killed a black mamba
   294 | D        | Killed a black mamba
   294 | D        | Reached XP level 9. HP: 57/86 MP: 18/21
   294 | D        | Reached skill level 10 in Invocations
   302 | D        | Entered arena 8.
   303 | D        | Found a transporter.
   396 | D        | Entered arena 9.
   396 | D        | Noticed an ancient zyme
   397 | D        | Found a transporter.
   400 | D        | Killed an ancient zyme
   400 | D        | Reached skill level 10 in Shields
   409 | D        | Entered arena 10.
   409 | D        | Noticed a wretched star
   409 | D        | Noticed a wretched star
   410 | D        | Found the +2 hat of the Bear Spirit {Spirit, +Rage rN+
                  | MR++}
   410 | D        | Found a transporter.
   412 | D        | Killed a wretched star
   412 | D        | Reached skill level 1 in Dodging
   412 | D        | Reached skill level 11 in Invocations
   414 | D        | Killed a wretched star
   414 | D        | Reached XP level 10. HP: 55/96 MP: 11/23
   719 | D        | Entered arena 11.
   720 | D        | Identified the cursed +0 hunting sling of the Foremost
                  | Songs {freeze, *Drain Dex+8}
   720 | D        | Found a transporter.
   723 | D        | Noticed an orange demon
   726 | D        | Reached skill level 10 in Spellcasting
   742 | D        | Entered arena 12.
   742 | D        | Noticed a mummy priest
   743 | D        | Found the +6 arbalest "Damnation" {damnation}
   744 | D        | Noticed a phantasmal warrior
   747 | D        | Reached skill level 12 in Invocations
   748 | D        | Noticed a sixfirhy
   748 | D        | Noticed a sun demon
   748 | D        | Killed a mummy priest
   748 | D        | Noticed a soul eater
   757 | D        | Found a transporter.
   763 | D        | Got the +2 helmet of Edghin Gasor {Dex+3 Stlth+}
   772 | D        | Got the ring "Bohiv" {*Contam +Fly rF+ rC+ Dex+7}
  1009 | D        | Entered arena 13.
  1009 | D        | Noticed a reaper
  1009 | D        | Noticed a skeletal warrior
  1009 | D        | Noticed a rust devil
  1011 | D        | Reached skill level 13 in Invocations
  1011 | D        | Killed a rust devil
  1011 | D        | Reached XP level 11. HP: 92/103 MP: 19/26
  1012 | D        | Killed a reaper
  1012 | D        | Killed a skeletal warrior
  1014 | D        | Reached skill level 5 in Dodging
  1046 | D        | Found a transporter.
  1272 | D        | Entered arena 14.
  1274 | D        | Noticed an acid blob
  1274 | D        | Noticed a glowing orange brain
  1274 | D        | Noticed a death ooze
  1274 | D        | Noticed a shining eye
  1274 | D        | Noticed a death ooze
  1275 | D        | Reached skill level 1 in Stealth
  1276 | D        | Killed a glowing orange brain
  1276 | D        | Reached skill level 14 in Invocations
  1276 | D        | Killed a death ooze
  1276 | D        | Reached skill level 10 in Fighting
  1276 | D        | Killed a death ooze
  1277 | D        | Reached skill level 10 in Axes
  1278 | D        | Reached skill level 10 in Stealth
  1279 | D        | Killed an acid blob
  1279 | D        | Reached XP level 12. HP: 104/114 MP: 11/28
  1298 | D        | Found a transporter.
  1331 | D        | Entered arena 15.
  1332 | D        | Noticed a deep elf annihilator
  1332 | D        | Noticed a deep elf sorcerer
  1332 | D        | Noticed a deep elf high priest
  1332 | D        | Noticed a deep elf annihilator
  1332 | D        | Noticed a deep elf blademaster
  1333 | D        | Noticed a deep elf knight
  1333 | D        | Identified the cursed +1 robe of Vehumet's Wrath {rN+}
  1333 | D        | Noticed a +0 short sword of protection
  1333 | D        | Noticed a deep elf knight
  1334 | D        | Found the +10 Black Knight's horse barding {ponderous,
                  | rPois rN+}
  1334 | D        | Reached skill level 15 in Invocations
  1334 | D        | Killed a +0 short sword of protection
  1335 | D        | Killed a deep elf high priest
  1335 | D        | Killed a deep elf knight
  1335 | D        | Reached skill level 15 in Stealth
  1335 | D        | Killed a deep elf knight
  1336 | D        | Killed a deep elf blademaster
  1336 | D        | Killed a deep elf sorcerer
  1336 | D        | Reached skill level 16 in Invocations
  1336 | D        | Killed a deep elf annihilator
  1336 | D        | Killed a deep elf annihilator
  1336 | D        | Gained mutation: You can use your snake-like lower body to
                  | constrict enemies. [Naga growth]
  1336 | D        | Reached XP level 13. HP: 93/124 MP: 17/31
  1337 | D        | Found a transporter.
  1418 | D        | Entered arena 16.
  1420 | D        | Noticed a death ooze
  1421 | D        | Found a transporter.
  1424 | D        | Reached skill level 10 in Armour
  1429 | D        | Gained mutation: You are clumsy. (Dex -2) [a shining eye]
  1431 | D        | Killed a death ooze
  1469 | D        | Got the +2 cloak of the Shrike {rElec rCorr Int-4 Dex-5}
  1512 | D        | Entered arena 17.
  1515 | D        | Noticed a great orb of eyes
  1516 | D        | Noticed an acid blob
  1516 | D        | Noticed a death ooze
  1517 | D        | Found a transporter.
  1520 | D        | Killed a death ooze
  1521 | D        | Killed a great orb of eyes
  1521 | D        | Reached skill level 17 in Invocations
  1521 | D        | Killed an acid blob
  1577 | D        | Entered arena 18.
  1582 | D        | Found the +10 zealot's sword {holy, *Rage rN+ EV+3}
  1582 | D        | Reached skill level 15 in Spellcasting
  1585 | D        | Found a transporter.
  1606 | D        | Entered arena 19.
  1609 | D        | Noticed a blizzard demon
  1615 | D        | Killed a blizzard demon
  1616 | D        | Found a transporter.
  1644 | D        | Entered arena 20.
  1649 | D        | Noticed a deep elf annihilator
  1649 | D        | Noticed a deep elf blademaster
  1649 | D        | Noticed a deep elf annihilator
  1649 | D        | Noticed a deep elf blademaster
  1649 | D        | Noticed a deep elf master archer
  1649 | D        | Identified the +4 steam dragon scales of Vygox {rN++}
  1649 | D        | Noticed a deep elf blademaster
  1649 | D        | Noticed a deep elf annihilator
  1649 | D        | Noticed a deep elf master archer
  1649 | D        | Identified the +1 robe of the Blue Moon {rC- Dex+3 SInv}
  1650 | D        | Noticed a deep elf sorcerer
  1650 | D        | Noticed a deep elf master archer
  1650 | D        | Noticed a deep elf master archer
  1650 | D        | Noticed a deep elf sorcerer
  1651 | D        | Reached skill level 18 in Invocations
  1651 | D        | Reached XP level 14. HP: 126/136 MP: 33/33
  1652 | D        | Killed a deep elf blademaster
  1652 | D        | Killed a deep elf sorcerer
  1652 | D        | Reached skill level 19 in Invocations
  1653 | D        | Killed a deep elf blademaster
  1653 | D        | Killed a deep elf blademaster
  1653 | D        | Killed a deep elf annihilator
  1653 | D        | Killed a deep elf master archer
  1653 | D        | Reached skill level 20 in Invocations
  1653 | D        | Killed a deep elf master archer
  1653 | D        | Killed a deep elf annihilator
  1653 | D        | Killed a deep elf master archer
  1653 | D        | Killed a deep elf master archer
  1653 | D        | Killed a deep elf sorcerer
  1653 | D        | Reached skill level 21 in Invocations
  1653 | D        | Killed a deep elf annihilator
  1656 | D        | Found a transporter.
  1726 | D        | Entered arena 21.
  1732 | D        | Found the +5 robe of Night {Dark MR+ SInv}
  1733 | D        | Noticed a greater mummy
  1734 | D        | Reached skill level 15 in Fighting
  1734 | D        | Reached skill level 15 in Axes
  1734 | D        | Reached XP level 15. HP: 125/154 MP: 23/34
  1736 | D        | Noticed a greater mummy
  1740 | D        | Was placed under penance by Cheibriados
  1745 | D        | Killed a greater mummy
  1745 | D        | Was forgiven by Cheibriados
  1745 | D        | Reached skill level 22 in Invocations
  1746 | D        | Killed from afar by a greater mummy

Skill      XL: |  1  2  3  4  5  6  7  8  9 10 11 12 13 14 15 |
---------------+----------------------------------------------+-----
Shields        | 6 7 8 9 10 | 10.4
Axes           | 3 4 5 6 7 9 10 11 12 15 | 15.5
Armour         | 3 4 5 6 7 9 11 13 | 13.5
Spellcasting   | 2 4 5 6 8 9 11 12 14 15 | 15.4
Invocations    | 3 4 5 6 8 9 11 13 14 16 18 21 22 | 22.1
Fighting       | 4 5 6 7 8 9 10 11 12 15 16 | 16.2
Dodging        | 2 4 6 7 8 |  8.9
Stealth        | 12 17 20 | 20.5

Action                   |  1- 3 |  4- 6 |  7- 9 | 10-12 | 13-15 || total
-------------------------+-------+-------+-------+-------+-------++-------
Melee: Broad axe         |     3 |     6 |    24 |    17 |    17 ||    67
       Constrict         |       |       |       |       |     4 ||     4
Invok: Slouch            |       |       |     2 |    13 |    24 ||    39
  Use: Potion            |     1 |       |       |       |     5 ||     6
  Eat: Ration            |       |       |       |     1 |     1 ||     2
Armor: Plate armour      |       |     3 |    23 |    15 |    16 ||    57
Dodge: Dodged            |       |       |     1 |     3 |    10 ||    14
Block: Shield            |     7 |     6 |    54 |    34 |    54 ||   155
